 Dungeon Crawl Stone Soup version 0.22-a0-305-gd21a89c538 (webtiles) character file.

165 Oravi the Bolt Thrower (level 5, -3/30 HPs)
             Began as a Kobold Hunter on Mar 31, 2018.
             Killed from afar by Sigmund (7 damage)
             ... with a puff of flame
             ... on level 3 of the Dungeon.
             The game lasted 00:09:14 (2676 turns).

Oravi the Bolt Thrower (Kobold Hunter)              Turns: 2676, Time: 00:09:14

Health: -3/30      AC:  1    Str: 11    XL:     5   Next: 74%
Magic:  5/5        EV: 14    Int: 12    God:
Gold:   90         SH:  0    Dex: 15    Spells: 4/4 levels left

rFire    . . .     SeeInvis .   b - +0 short sword
rCold    . . .     Gourm    .   (shield restricted)
rNeg     . . .     Faith    .   c - +0 leather armour
rPois    .         Spirit   .   (no helmet)
rElec    .         Reflect  .   (no cloak)
rCorr    +         Harm     .   (no gloves)
MR       .....                  (no boots)
Stlth    +.........             (no amulet)
HPRegen  0.10/turn              k - ring of resist corrosion
MPRegen  0.09/turn              (no ring)

@: confused, drained
A: small, large bone plates 1, carnivore, deformed body
a: no special abilities


You were on level 3 of the Dungeon.
You were completely stuffed.

You visited 1 branch of the dungeon, and saw 3 of its levels.

You collected 90 gold pieces.

Inventory:

Hand Weapons
 a - a +1 hand crossbow
 b - a +0 short sword (weapon)
Missiles
 e - 16 bolts
Armour
 c - a +0 leather armour (worn)
Jewellery
 k - a ring of resist corrosion (left hand)
Scrolls
 d - a scroll of amnesia {unknown}
 h - a scroll of remove curse {unknown}
 i - a scroll of identify {unknown}
Potions
 j - 2 potions of might {unknown}
Comestibles
 f - a ration
 g - 2 chunks of flesh


   Skills:
 - Level 2.1(1.2) Fighting
 + Level 1.6(0.6) Short Blades
 + Level 7.5(6.4) Crossbows
 + Level 2.9(1.9) Dodging
 - Level 1.3(0.4) Stealth


You had 4 spell levels left.
You didn't know any spells.

Dungeon Overview and Level Annotations

Branches:
Dungeon (3/15)

Altars:
Ashenzari

Annotations:
D:3 Sigmund


Innate Abilities, Weirdness & Mutations

You are small and have problems with some larger weapons.
You are carnivorous and can eat meat at any time.
You are partially covered in large bone plates. (SH +4)
Armour fits poorly on your strangely shaped body.


Message History

The puff of flame misses you.
You are confused.
You're too confused!
You're too confused to move!
A magic dart appears from out of thin air!
The magic dart hits you!
* * * LOW HITPOINT WARNING * * *
You feel less confused.
You hear some strange, mumbled words.
You are confused.
There is a stone staircase leading up here.
In your confused state, you trip and fall back down the stairs.
* * * LOW HITPOINT WARNING * * *
Something barely misses you.
In your confused state, you trip and fall back down the stairs.
* * * LOW HITPOINT WARNING * * *
You hear some strange, mumbled words.
A puff of flame appears from out of thin air!
The puff of flame hits you!
You die...

###.###.####### .
(............#
#..##.#..##.#
##..##.#..##.#
#######........>...#
#.........#[.#..##.###
#.....................
#.....................
#....@...##...##......
#........##........###
#........##.#.######
##.......##.#.#
#.#####......# #####
#. #.##.### #.†.( #
.....# #.### #.##
##.### ##.@##.


There were no monsters in sight!

Vanquished Creatures
  Terence (D:2)
  3 gnolls (D:2)
  3 adders
  An ooze (D:2)
  A worm (D:2)
  A dart slug (D:3)
  2 leopard geckos
  4 orcs
  2 bats (D:1)
  4 giant cockroaches (D:1)
  5 goblins
  11 hobgoblins
  6 jackals (D:1)
  2 quokkas
  2 ball pythons (D:1)
  4 frilled lizards
  4 kobolds
  8 rats
64 creatures vanquished.

Notes
Turn   | Place    | Note
-------+----------+-------------------------------------------
     0 | D:1      | Oravi the Kobold Hunter began the quest for the Orb.
     0 | D:1      | Reached XP level 1. HP: 12/12 MP: 1/1
    19 | D:1      | Reached skill level 5 in Crossbows
    60 | D:1      | Reached XP level 2. HP: 17/17 MP: 2/2
   340 | D:1      | Found a shattered altar of Ashenzari.
   396 | D:1      | Reached XP level 3. HP: 9/21 MP: 3/3
   641 | D:1      | Reached skill level 6 in Crossbows
  1166 | D:2      | Reached XP level 4. HP: 18/26 MP: 4/4
  1168 | D:2      | Noticed Terence
  1172 | D:2      | Killed Terence
  1514 | D:2      | Reached skill level 7 in Crossbows
  1514 | D:2      | Reached XP level 5. HP: 30/30 MP: 5/5
  1523 | D:2      | Reached skill level 1 in Short Blades
  2120 | D:3      | Noticed Sigmund
  2359 | D:2      | Gained mutation: Armour fits poorly on your strangely shaped body. [potion of mutation]
  2359 | D:2      | Gained mutation: You are partially covered in large bone plates. (SH +4) [potion of mutation]
  2676 | D:3      | Killed from afar by Sigmund

Vault maps used:
D:1:      nzn_arrival_water_spiral, grunt_decor_cap, st_stairs_5,
          nicolae_ashenzari_panopticon
D:2:      uniq_terence
D:3:      minmay_mini_jars, uniq_sigmund

Skill      XL: |  1  2  3  4  5 |
---------------+----------------+-----
Crossbows      | 5 6 7 |  7.5
Short Blades   | 1 |  1.6
Fighting       | |  2.1
Dodging        | |  2.9
Stealth        | |  1.3

Action                   |  1- 3 |  4- 6 || total
-------------------------+-------+-------++-------
Melee: Short sword       |    28 |    92 ||   120
 Fire: Hand crossbow     |    52 |    46 ||    98
  Use: Potion            |       |     3 ||     3
  Eat: Chunk             |     9 |     5 ||    14
Armor: Leather armour    |    11 |    11 ||    22
       Skin              |       |    10 ||    10
Dodge: Dodged            |    30 |    73 ||   103
Block: Other             |       |     3 ||     3

Table legend:
 A = Spawn XP
 B = Non-spawn XP
 C = Spawn XP percentage of total XP
 D = Spawn monster count
 E = Non-spawn monster count
 F = Spawn count percentage of total count
 G = Total turns spent on level
                    A         B        C        D         E        F      G
               +---------+---------+-------+---------+---------+-------+---------
         Total |       0 |     236 |   0.0 |       0 |      64 |   0.0 |  2676
               +---------+---------+-------+---------+---------+-------+---------
           D:1 |       0 |      63 |   0.0 |       0 |      35 |   0.0 |  1129
           D:2 |       0 |     145 |   0.0 |       0 |      21 |   0.0 |  1368
           D:3 |       0 |      28 |   0.0 |       0 |       8 |   0.0 |   179
               +---------+---------+-------+---------+---------+-------+---------
